AoeStats
← PSX | Eman

Arabia

511077152Analyzed
1v1 RM · 6h ago on Oct 3, 2026· 26m 54s· 2 players
Game mode
Random Map
Map size
Tiny (2 player)
Population
200
Speed
Normal
Resources
Standard
Victory
Conquest
Starting age
Dark Age
Ending age
Imperial Age
RankedLock teamsTeams togetherTeam positionsShared explorationLock speedFull tech treeHidden civsTurbo modeCheats
Victory
Defeat
🇨🇭 Magyars · Switzerland
1414
+17
🇦🇷 Mongols · Argentina
1439
-17
KoenigLeoVii
6:38 Loom
9:15 Feudal Age
10:07 Double-Bit Axe
14:17 Horse Collar
22:18 Castle Age
21:08 Bloodlines
22:35 Gold Mining
23:09 Bow Saw
24:13 Heavy Plow
24:52 Gold Shaft Mining
25:03 Scale Barding Armor
PSX | Eman
6:27 Loom
8:49 Feudal Age
14:28 Fletching
21:10 Castle Age
20:19 Double-Bit Axe
20:14 Horse Collar
26:57 Bodkin Arrow
Connection lost

Rejoining the realm…

Still unreachable

The connection could not be restored.

Session expired

The server has moved on; the page needs a fresh start.